 Dungeon Crawl Stone Soup version 0.22-a0-109-gbeb7240 (webtiles) character file.

2412 4thArraOfDagon the Arsonist (level 9, -1/51 HPs)
             Began as an Octopode Fire Elementalist on Jan 26, 2018.
             Was an Initiate of Vehumet.
             Slain by a hippogriff (4 damage)
             ... on level 8 of the Dungeon.
             The game lasted 00:19:01 (2963 turns).

4thArraOfDagon the Arsonist (OpFE)                  Turns: 2963, Time: 00:19:02

Health: -1/51      AC:  1    Str:  7    XL:     9   Next: 47%
Magic:  6/32       EV: 13    Int: 21    God:    Vehumet [......]
Gold:   222        SH:  0    Dex: 12    Spells: 0/18 levels left

rFire    . . .     SeeInvis .   k - staff of power {!a}
rCold    . . .     Gourm    .   (no shield)
rNeg     . . .     Faith    .   (helmet restricted)
rPois    .         Spirit   .   (no amulet)
rElec    .         Reflect  .   t - ring of protection from magic
rCorr    .         Harm     .   (no ring)
MR       +....                  (no ring)
Stlth    +++.......             (no ring)
HPRegen  0.17/turn              (no ring)
MPRegen  0.23/turn              (no ring)
                                (no ring)
                                (no ring)

@: very slightly contaminated
A: almost no armour, stealthy swim, amphibious, 8 rings, constrict 8, camouflage
1, gelatinous body 1
a: Renounce Religion


You were on level 8 of the Dungeon.
You worshipped Vehumet.
Vehumet was noncommittal.
You were near starving.

You visited 2 branches of the dungeon, and saw 10 of its levels.

You collected 222 gold pieces.

Inventory:

Hand Weapons
 c - a +4 mace of protection
 f - a +0 hand axe
 h - a cursed +2 battleaxe
Magical Staves
 k - an uncursed staff of power (weapon) {!a}
Jewellery
 t - a ring of protection from magic (left tentacle)
Wands
 o - a wand of enslavement (14)
 p - a wand of disintegration (13)
 r - a wand of random effects (30)
 x - a wand of clouds (3)
Scrolls
 e - 2 scrolls of teleportation
 m - 2 scrolls of remove curse
 q - a scroll of immolation
 s - a scroll of magic mapping {unknown}
 v - a scroll of blinking {unknown}
Potions
 g - a potion of might {unknown}
 i - a potion of berserk rage
 j - 2 potions of curing
 l - 2 potions of heal wounds
 n - a potion of brilliance
 w - a potion of agility
Books
 a - a book of Flames

   Spells                             Type                      Level
   a - Flame Tongue                   Conjuration/Fire             1
   b - Throw Flame                    Conjuration/Fire             2
   c - Conjure Flame                  Conjuration/Fire             3
   d - Inner Flame                    Hexes/Fire                   3
   e - Sticky Flame                   Conjuration/Fire             4
   f - Fireball                       Conjuration/Fire             5
 d - a book of Minor Magic

   Spells                             Type                      Level
   a - Magic Dart                     Conjuration                  1
   b - Blink                          Translocation                2
   c - Call Imp                       Summoning                    2
   d - Slow                           Hexes                        2
   e - Conjure Flame                  Conjuration/Fire             3
   f - Mephitic Cloud                 Conjuration/Poison/Air       3
 u - the Tome of Stolen Souls
   (You found it on level 8 of the Dungeon)

   Spells                             Type                      Level
   a - Regeneration                   Charms/Necromancy            3
   b - Dispel Undead                  Necromancy                   5
   c - Death Channel                  Necromancy                   6
Comestibles
 b - 11 rations


   Skills:
 - Level 2.0 Dodging
 - Level 2.6 Stealth
 + Level 5.4 Spellcasting
 * Level 7.9 Conjurations
 * Level 8.4 Fire Magic


You couldn't memorise any spells.
You knew the following spells:

 Your Spells              Type           Power        Failure   Level  Hunger
a - Flame Tongue          Conj/Fire      #####        1%          1    None
b - Conjure Flame         Conj/Fire      #####...     1%          3    ##.....
c - Sticky Flame          Conj/Fire      #####...     3%          4    ####...
d - Mephitic Cloud        Conj/Pois/Air  ###.....     11%         3    ##.....
e - Fireball              Conj/Fire      #####.....   10%         5    #####..
f - Blink                 Tloc           N/A          16%         2    None


Dungeon Overview and Level Annotations

Branches:
Dungeon (9/15)             Temple (1/1) D:7
   Lair: D:8-11         Orc: D:9-12

Altars:
Cheibriados
Dithmenos
Elyvilon
Hepliaklqana
Nemelex Xobeh
Okawaru
Qazlal
Ru
Uskayaw
Vehumet
Xom
Yredelemnul
Zin
The Shining One

Shops:
D:4 [

Annotations:
D:5 Sigmund


Innate Abilities, Weirdness & Mutations

You cannot wear most types of armour.
You are very stealthy in the water. (Stealth+)
You are amphibious.
You can wear up to eight rings at the same time.
You can use your tentacles to constrict eight enemies at once.
Your skin changes colour to match your surroundings (Stealth+).
Your rubbery body absorbs attacks. (AC +1, EV +1)


Message History

You are near starving!
Unknown command.
Casting: Conjure Flame (safe; 1% risk of failure)
Confirm with . or Enter, or press ? or * to list all spells.
Aiming: Conjure Flame (safe; 1% risk of failure)
Press: ? - help, Dir - move target cursor The fire ignites!
The hippogriff is engulfed in blazing flames.
Casting: Conjure Flame (safe; 1% risk of failure)
Confirm with . or Enter, or press ? or * to list all spells.
Aiming: Flame Tongue (safe; 1% risk of failure)
Press: ? - help, Shift-Dir - straight line, f - hippogriff
Aim: a hippogriff (flame, lightly wounded)
The flame tongue hits the hippogriff.
The hippogriff is moderately wounded.
The hippogriff is engulfed in blazing flames. x2
The hippogriff bites you!
* * * LOW HITPOINT WARNING * * *
The hippogriff pecks you.
You die...

#.# #.# #.# #......## #.#
#.# #.# ###.##.## #.# ..#
#.# #.##.## #.# ##.##.##
# #.# #.......
.#.######.##.#####.###.##
.....ยงยง.#..........#
#.# #.####H####.#######
#.# #......@.......# #.#
######.####.##..... ..#
#.. ..# #### ### ### ###


You could see a hippogriff.

Vanquished Creatures
  The ghost of anet the Magician, a novice DEWz (D:5)
  A troll (D:9)
  A hippogriff (D:5)
  An orc warrior (D:8)
  2 phantoms
  2 sky beasts
  An ice beast (D:7)
  2 ogres
  4 slaves (D:7)
  A centaur (D:6)
  A bullfrog (D:6)
  A wyvern skeleton (D:6)
  2 scorpions
  2 wights (D:6)
  2 howler monkeys
  2 bullfrog zombies
  A bullfrog skeleton (D:4)
  An iguana (D:4)
  2 jellies (D:6)
  2 orc priests
  2 orc wizards (D:4)
  Ijyb (D:4)
  Natasha (twice) (D:4)
  2 worker ants
  A hound skeleton (D:5)
  6 adders
  3 shadow imps
  An adder skeleton (D:4)
  A worm (D:4)
  2 leopard geckos
  11 orcs
  A ball python (D:4)
  3 giant cockroaches
  3 goblins
  9 hobgoblins
  2 quokkas
  2 bats (D:1)
  A frilled lizard (D:1)
  A jackal skeleton (D:7)
  A jackal zombie (D:5)
  A kobold (D:3)
  A leopard gecko zombie (D:5)
  A rat (D:1)
90 creatures vanquished.

Vanquished Creatures (others)
  A quokka (D:4)
1 creature vanquished.

Grand Total: 91 creatures vanquished

Notes
Turn   | Place    | Note
-------+----------+-------------------------------------------
     0 | D:1      | 4thArraOfDagon the Octopode Fire Elementalist began the quest for the Orb.
     0 | D:1      | Reached XP level 1. HP: 11/11 MP: 3/3
    20 | D:1      | p0werm0de: alright then ill attakk opcj
    63 | D:1      | 4thArraOfDagon: have to keep all hs at home ;)
    70 | D:1      | 4thArraOfDagon: go
   188 | D:1      | Reached XP level 2. HP: 17/17 MP: 1/5
   282 | D:2      | Noticed a bullfrog
   329 | D:4      | Reached XP level 3. HP: 16/21 MP: 3/6
   334 | D:4      | Learned a level 3 spell: Conjure Flame
   391 | D:5      | Entered Level 5 of the Dungeon
   552 | D:5      | Reached XP level 4. HP: 27/27 MP: 3/7
   570 | D:5      | Learned a level 4 spell: Sticky Flame
   580 | D:5      | Noticed Sigmund
   588 | D:4      | Noticed a phantom
   660 | D:6      | Reached skill level 4 in Fire Magic
   685 | D:6      | Reached XP level 5. HP: 31/31 MP: 4/9
   762 | D:6      | Noticed a centaur
   809 | D:6      | Found a basalt altar of Yredelemnul.
   863 | D:5      | Found a hazy altar of Hepliaklqana.
   902 | D:6      | Reached XP level 6. HP: 36/36 MP: 6/10
   907 | D:6      | Learned a level 3 spell: Mephitic Cloud
   929 | D:7      | Noticed an ice beast
   935 | D:7      | Killed an ice beast
   935 | D:7      | Reached skill level 5 in Fire Magic
   949 | D:7      | Noticed a slave
   956 | D:7      | Noticed a slave
  1011 | D:6      | Found a hide-covered altar of Uskayaw.
  1052 | D:6      | Noticed a phantom
  1072 | D:6      | Killed a phantom
  1072 | D:6      | Reached XP level 7. HP: 29/41 MP: 2/12
  1259 | D:6      | Reached skill level 5 in Conjurations
  1343 | D:5      | Noticed anet's ghost (novice DEWz)
  1395 | D:4      | Found a white marble altar of Elyvilon.
  1435 | D:4      | Reached skill level 6 in Fire Magic
  1455 | D:4      | Found a blossoming altar of Fedhas.
  1457 | D:4      | Found an ornate altar of the Wu Jian Council.
  1457 | D:4      | Found a shimmering altar of Xom.
  1460 | D:4      | Found a hide-covered altar of Uskayaw.
  1460 | D:4      | Found a burning altar of Makhleb.
  1460 | D:4      | Found a glowing golden altar of the Shining One.
  1485 | D:4      | Noticed Natasha
  1642 | D:4      | Reached XP level 8. HP: 41/46 MP: 12/14
  1671 | D:4      | Found Hyleeho's Armour Emporium.
  1754 | D:5      | Noticed a hippogriff
  1767 | D:5      | Killed a hippogriff
  1943 | D:4      | Reached skill level 7 in Fire Magic
  1986 | D:4      | Noticed Ijyb
  1991 | D:4      | Killed Ijyb
  2011 | D:4      | Killed Natasha
  2082 | D:4      | Learned a level 5 spell: Fireball
  2100 | D:4      | Noticed Natasha
  2107 | D:4      | Killed Natasha
  2187 | D:5      | Killed anet's ghost
  2187 | D:5      | Reached skill level 5 in Spellcasting
  2187 | D:5      | Reached XP level 9. HP: 41/51 MP: 9/16
  2303 | D:7      | Found a staircase to the Ecumenical Temple.
  2310 | Temple   | Entered the Ecumenical Temple
  2361 | Temple   | Became a worshipper of Vehumet
  2423 | D:7      | Found an iron altar of Okawaru.
  2447 | D:7      | Sergey: hello
  2614 | D:8      | Learned a level 2 spell: Blink
  2631 | D:8      | Reached skill level 8 in Fire Magic
  2663 | D:8      | Identified the Tome of Stolen Souls
  2687 | D:7      | Found a shadowy altar of Dithmenos.
  2894 | D:9      | Noticed a troll
  2907 | D:9      | HP: 2/51 [orc priest/divine providence (9)]
  2908 | D:9      | Killed a troll
  2963 | D:8      | Slain by a hippogriff

Vault maps used:
D:1:      lightli_arrival_noodles
D:2:      nicolae_overflow_crystal_walls, first_ration,
          minmay_misc_feat_columns, serial_bayou_pond_b, minivault_11,
          kennysheep_pointless_box, uniq_crazy_yiuf_cottage
D:3:      corexii_shack_village
D:4:      cheibrodos_greedy_goblins, doesnt_xom_only_xom, elyvilon_altar_4,
          serial_shops, nicolae_shop_statue_plus, uniq_menkaure, uniq_natasha,
          uniq_ijyb
D:5:      lemuel_round_altar, nicolae_gozag_cash_rules_everything_around_me,
          kennysheep_little_box, serial_undead, serial_undead_d,
          serial_undead_c, serial_undead_b, serial_undead_d, uniq_sigmund
D:6:      eat_drink_and_be_merry_uskayaw, kennysheep_mini_moat,
          kennysheep_crisscross, minmay_misc_feat_x
D:7:      old_standard_altar, lemuel_coloured_pillars_altar, uniq_pikel
D:9:      lemuel_crystal_altar, hiddenorc2_lemuel, serial_shops,
          nicolae_shop_crystal, blue_anna_alchemist
Temple:   bh_familiar_temple

Skill      XL: |  1  2  3  4  5  6  7  8  9 |
---------------+----------------------------+-----
Conjurations   | 2 3 4 5 7 |  7.9
Fire Magic     | 4 5 6 7 8 |  8.4
Spellcasting   | 3 4 5 |  5.4
Dodging        | |  2.0
Stealth        | |  2.6

Action                   |  1- 3 |  4- 6 |  7- 9 || total
-------------------------+-------+-------+-------++-------
Melee: Unarmed           |     7 |       |       ||     7
       Constrict         |     6 |     4 |     3 ||    13
       Tentacles         |     1 |     2 |     1 ||     4
       Hand axe          |     3 |       |       ||     3
       Mace              |     3 |    11 |     3 ||    17
       Staff             |       |       |    11 ||    11
 Cast: Flame Tongue      |    20 |    20 |   139 ||   179
       Conjure Flame     |     2 |     5 |    17 ||    24
       Sticky Flame      |       |       |    15 ||    15
       Fireball          |       |       |     7 ||     7
Evoke: Wand              |       |       |     3 ||     3
  Use: Scroll            |     2 |     1 |     7 ||    10
       Potion            |       |       |     1 ||     1
 Stab: Sleeping          |     1 |     1 |       ||     2
  Eat: Chunk             |       |     1 |    11 ||    12
Armor: Skin              |     2 |     3 |     4 ||     9
Dodge: Dodged            |    15 |    13 |    29 ||    57

Table legend:
 A = Spawn XP
 B = Non-spawn XP
 C = Spawn XP percentage of total XP
 D = Spawn monster count
 E = Non-spawn monster count
 F = Spawn count percentage of total count
 G = Total turns spent on level
                    A         B        C        D         E        F      G
               +---------+---------+-------+---------+---------+-------+---------
         Total |       0 |    3447 |   0.0 |       0 |      86 |   0.0 |  2963
               +---------+---------+-------+---------+---------+-------+---------
           D:1 |       0 |      15 |   0.0 |       0 |       9 |   0.0 |   222
           D:2 |       0 |      13 |   0.0 |       0 |       1 |   0.0 |    70
           D:3 |       0 |       3 |   0.0 |       0 |       2 |   0.0 |    53
           D:4 |       0 |     729 |   0.0 |       0 |      31 |   0.0 |   726
           D:5 |       0 |     931 |   0.0 |       0 |      10 |   0.0 |   571
           D:6 |       0 |     664 |   0.0 |       0 |      10 |   0.0 |   611
           D:7 |       0 |     328 |   0.0 |       0 |      12 |   0.0 |   350
           D:8 |       0 |     422 |   0.0 |       0 |       9 |   0.0 |   258
           D:9 |       0 |     342 |   0.0 |       0 |       2 |   0.0 |    21
               +---------+---------+-------+---------+---------+-------+---------
